AoeStats
← BjarneRiis27

Arena

509935061Analyzed
3v3 RM · 5d ago on Sep 28, 2026· 54m 42s· 6 players
Game mode
Random Map
Map size
Normal (6 player)
Population
200
Speed
Normal
Resources
Standard
Victory
Conquest
Starting age
Dark Age
Ending age
Imperial Age
RankedLock teamsTeams togetherTeam positionsShared explorationLock speedFull tech treeHidden civsTurbo modeCheats
Victory
Defeat
🇪🇸 Italians · Spain
1162
+10
🇪🇸 Saxons · Spain
1092
+13
🇪🇸 Spanish · Spain
989
+17
🇭🇰 Franks · Hong Kong SAR China
1048
-14
🇬🇧 Turks · United Kingdom
1027
-14
🇩🇰 Britons · Denmark
1000
-37
kypraeos18
8:55 Loom
14:06 Feudal Age
15:07 Double-Bit Axe
18:05 Castle Age
15:49 Horse Collar
19:12 Fletching
19:38 Bow Saw
20:58 Thumb Ring
22:51 Gold Mining
27:46 Bodkin Arrow
28:16 Heavy Plow
31:19 Wheelbarrow
33:34 Husbandry
33:45 Bloodlines
33:42 Scale Barding Armor
33:48 Forging
37:18 Imperial Age
35:06 Hand Cart
36:04 Chain Barding Armor
37:37 Gold Shaft Mining
36:55 Stone Mining
38:11 Iron Casting
39:16 Plate Barding Armor
43:27 Conscription
46:11 Fortified Wall
46:53 Heavy Camel Rider
自古多情空餘恨
3:25 Loom
11:41 Feudal Age
12:25 Double-Bit Axe
15:08 Wheelbarrow
15:51 Gold Mining
18:17 Castle Age
16:29 Stone Mining
22:05 Bow Saw
31:47 Fortified Wall
36:31 Imperial Age
34:59 Forging
34:55 Scale Barding Armor
37:34 Iron Casting
37:20 Chain Barding Armor
37:38 Conscription
37:09 Cavalier
37:50 Husbandry
40:10 Blast Furnace
39:50 Plate Barding Armor
40:23 Paladin
41:32 Scale Mail Armor
41:39 Squires
41:24 Arson
43:15 Chivalry
43:32 Chain Mail Armor
45:11 Plate Mail Armor
48:35 Pikeman
49:54 Halberdier
52:34 Hand Cart
BjarneRiis27
8:58 Loom
11:20 Feudal Age
12:14 Double-Bit Axe
14:54 Wheelbarrow
14:48 Horse Collar
17:44 Castle Age
18:01 Crossbowman
22:57 Bow Saw
25:24 Fletching
26:12 Elite Skirmisher
28:49 Padded Archer Armor
30:46 Man-at-Arms
MIERES
11:09 Feudal Age
15:38 Castle Age
13:28 Double-Bit Axe
13:29 Horse Collar
13:55 Loom
16:48 Bow Saw
16:51 Heavy Plow
18:14 Wheelbarrow
28:41 Fletching
32:37 Imperial Age
30:23 Hand Cart
29:32 Crossbowman
29:49 Elite Skirmisher
31:51 Padded Archer Armor
31:47 Bodkin Arrow
33:00 Ballistics
35:10 Two-Man Saw
34:38 Pikeman
35:18 Squires
36:30 Halberdier
39:58 Chemistry
39:26 Leather Archer Armor
39:11 Bracer
39:12 Scale Mail Armor
39:22 Forging
39:25 Gold Mining
39:25 Stone Mining
40:31 Crop Rotation
41:10 Ring Archer Armor
43:27 Chain Mail Armor
43:47 Iron Casting
43:48 Shield Wall
44:49 Conscription
47:02 Elite Varangian Guard
47:47 Caravan
48:52 Capped Ram
50:33 Siege Ram
52:25 Scale Barding Armor
52:53 Plate Mail Armor
REJO
11:53 Feudal Age
13:07 Loom
15:51 Castle Age
13:49 Double-Bit Axe
13:49 Horse Collar
14:16 Stone Mining
15:02 Gold Mining
19:19 Fletching
25:32 Bodkin Arrow
30:04 Imperial Age
28:25 Padded Archer Armor
28:27 Scale Mail Armor
28:38 Forging
28:20 Town Watch
29:11 Wheelbarrow
30:38 Squires
30:24 Arson
32:17 Chemistry
31:40 Ballistics
33:28 Leather Archer Armor
36:07 Chain Mail Armor
36:28 Iron Casting
35:34 Light Cavalry
36:27 Bloodlines
36:18 Husbandry
38:03 Ring Archer Armor
37:58 Heavy Plow
38:20 Pikeman
41:01 Conscription
43:11 Hussar
47:57 Silk Road
49:36 Bracer
49:42 Scale Barding Armor
50:07 Plate Mail Armor
Trajan
4:17 Loom
10:55 Feudal Age
15:29 Castle Age
14:03 Stone Mining
14:24 Double-Bit Axe
15:52 Horse Collar
20:48 Wheelbarrow
26:13 Town Watch
27:02 Hand Cart
29:01 Gold Mining
29:36 Fletching
29:46 Padded Archer Armor
32:09 Bodkin Arrow
32:29 Leather Archer Armor
37:02 Imperial Age
35:09 Bloodlines
35:58 Husbandry
36:12 Scale Barding Armor
36:19 Forging
36:49 Bow Saw
37:33 Chain Barding Armor
37:25 Cavalier
40:06 Plate Barding Armor
40:07 Iron Casting
39:36 Paladin
40:48 Paladin
44:45 Blast Furnace
44:18 Conscription
44:23 Heavy Plow
44:25 Capped Ram
48:46 Chemistry
49:52 Ballistics
50:29 Siege Ram
Connection lost

Rejoining the realm…

Still unreachable

The connection could not be restored.

Session expired

The server has moved on; the page needs a fresh start.